 Dungeon Crawl Stone Soup version 0.28.0-45-g0d030f2227 (webtiles) character file.

Game seed: 11932249160842247428

287 H0rd4k the Magician (level 6, -8/33 HPs)
             Began as a Deep Elf Hedge Wizard on Mar 31, 2022.
             Was an Initiate of Gozag.
             Killed by divine providence
             ... invoked by an orc priest
              (13 damage)
             ... on level 5 of the Dungeon.
             The game lasted 00:05:14 (5600 turns).

H0rd4k the Magician (Deep Elf Hedge Wizard)         Turns: 5600, Time: 00:05:16

Health: -8/33      AC:  5    Str:  7    XL:     6   Next: 8%
Magic:  15/18      EV: 12    Int: 21    God:    Gozag
Gold:   46         SH:  0    Dex: 14    Spells: 10/19 levels left

rFire   . . .      SeeInvis .   a - +0 dagger
rCold   . . .      Faith    .   (no shield)
rNeg    . . .      Spirit   .   b - +0 robe
rPois   .          Reflect  .   d - +2 helmet
rElec   .          Harm     .   (no cloak)
rCorr   .          Rampage  .   (no gloves)
Will    .....                   (no boots)
Stlth   ++........              (no amulet)
HPRegen 0.11/turn               m - ring of wizardry
MPRegen 0.16/turn               (no ring)

@: very slightly contaminated
A: no striking features
a: Renounce Religion, Potion Petition, Call Merchant, Bribe Branch


You were on level 5 of the Dungeon.
You worshipped Gozag.
Gozag was noncommittal.
You visited 2 branches of the dungeon, and saw 6 of its levels.
You also visited: Sewer.

You collected 117 gold pieces.
You paid 71 gold pieces to Gozag.

Inventory:

Hand Weapons
 a - a +0 dagger (weapon)
Armour
 b - a +0 robe (worn)
 d - a +2 helmet (worn)
Jewellery
 m - a ring of wizardry (left hand)
Wands
 n - a wand of flame (24)
Scrolls
 f - 2 scrolls of fear {unknown}
 i - 2 scrolls of amnesia {unknown}
 k - a scroll of vulnerability {unknown}
 l - 4 scrolls of identify {unknown}
 o - a scroll of teleportation {unknown}
 p - a scroll of summoning {unknown}
 s - a scroll of enchant weapon {unknown}
Potions
 c - 4 potions of degeneration {unknown}
 e - 3 potions of brilliance {unknown}
 g - a potion of curing {unknown}
 h - a potion of might {unknown}
 j - 2 potions of lignification {unknown}
 q - a potion of invisibility {unknown}
 r - a potion of mutation {unknown}
 t - a potion of flight {unknown}


   Skills:
 + Level 0.3 Fighting
 + Level 2.8 Dodging
 - Level 2.4 Stealth
 + Level 7.1 Spellcasting
 + Level 3.3 Conjurations
 + Level 1.1 Summonings
 + Level 1.1 Translocations
 * Level 1.3 Fire Magic
 + Level 1.6 Air Magic
 * Level 0.9 Poison Magic


You had 10 spell levels left.
You knew the following spells:

 Your Spells              Type           Power      Damage    Failure   Level
a - Magic Dart            Conj           84%        1d7       1%          1
b - Blink                 Tloc           24%        N/A       3%          2
c - Conjure Flame         Conj/Fire      17%        6-21      4%          3
d - Mephitic Cloud        Conj/Pois/Air  15%        N/A       4%          3

Your spell library contained the following spells:

 Spells                   Type           Power      Damage    Failure   Level
 Slow                     Hex            28%        N/A       3%          1
 Call Imp                 Summ           12%        N/A       3%          2
 Frozen Ramparts          Ice            14%        1d3       11%         3
 Summon Ice Beast         Ice/Summ       9%         N/A       26%         4
 Ice Form                 Ice/Tmut       7%         N/A       32%         4


Dungeon Overview and Level Annotations

Branches:
Dungeon (5/15)             Temple (1/1) D:5           Sewer (visited)

Altars:
Ashenzari
Elyvilon
Fedhas
Gozag
Hepliaklqana
Makhleb
Okawaru
Qazlal
Ru
Sif Muna
Trog
Uskayaw
Vehumet
The Shining One

Shops:
D:1 :


Message History

Done exploring.
There is a shimmering blue altar of Sif Muna here.
Saving game... please wait.
Welcome back, H0rd4k the Deep Elf Hedge Wizard.
Press ? for a list of commands and other information.
There is an opulent altar of Gozag here.
You kneel at the altar of Gozag.
Gozag welcomes you!
You pay a service fee of 71 gold.
(D) Dungeon (T) Temple
Where to? (? - help)
There is a white marble altar of Elyvilon here.
There is a staircase back to the Dungeon here.
You climb upwards.
Welcome back to the Dungeon!
There is a staircase to the Ecumenical Temple here.
You now have 34 gold pieces (gained 12).
You now have 46 gold pieces (gained 12). 3 orcs and an orc priest come into view.
An orc is wielding a +3 vorpal mace.
An orc is wielding a +1 hand axe of electrocution.
The orc shouts!
The orc priest shouts!
You hear a shout!
An orc priest comes into view. It is wielding a +0 whip.
The orc priest calls down the wrath of Beogh upon you.
Beogh smites you!
A shadow imp comes into view.
Cast which spell? (? or * to list)
You don't know that spell.
Cast which spell? (? or * to list)
Aiming: Mephitic Cloud (dangerous; 4% risk of failure)
Press: ? - help, Shift-Dir - straight line, f - orc
Aim: an orc, wielding a +0 dagger and wearing a +0 ring mail (chance to affect: 96%)
You miscast Mephitic Cloud.
You are very lightly contaminated with residual magic.
Nothing appears to happen.
The orc priest invokes the aid of Beogh against you.
Beogh smites you!
* * * LOW HITPOINT WARNING * * *
The orc priest invokes the aid of Beogh against you.
Beogh smites you!
You die...
Your body crumbles into a pile of gold.

##### ...# #####
#.#######...#
#............ #
#..##...##.##
#.######..##...##.##
#..@..##...........#
#..##.....(..>.....(
#.o ####..........##
#.5 #..##...##.##
... ....##...##...
...o ..............#
.o...
...######..#####
#..oo. ... .... #
##### #


You could see 2 orc priests, a shadow imp and 3 orcs.

Vanquished Creatures
  A jelly (D:5)
  An iguana (D:4)
  Natasha (D:4)
  A hell rat (Sewer)
  11 adders
  A river rat (Sewer)
  2 adder skeletons
  3 worms
  A dart slug (D:4)
  3 orcs (D:4)
  11 ball pythons
  3 endoplasms
  2 giant cockroaches
  5 goblins
  5 hobgoblins
  4 jackals (D:2)
  A quokka (D:1)
  A bat (D:1)
  A frilled lizard (D:3)
  A kobold (D:2)
  10 rats
69 creatures vanquished.

Vanquished Creatures (others)
  A black bear (D:4)
1 creature vanquished.

Grand Total: 70 creatures vanquished

Notes
Turn   | Place    | Note
-------+----------+-------------------------------------------
     0 | D:1      | H0rd4k the Deep Elf Hedge Wizard began the quest for the
                  | Orb.
     0 | D:1      | Reached XP level 1. HP: 10/10 MP: 7/7
    33 | D:1      | Found Coewnel's Book Shoppe.
   240 | D:1      | You fall into a shaft and drop 1 floor!
   306 | D:1      | Reached skill level 5 in Spellcasting
   306 | D:1      | Reached XP level 2. HP: 15/15 MP: 5/10
  1258 | D:2      | Found a faded altar of an unknown god.
  1540 | D:2      | Reached XP level 3. HP: 15/19 MP: 2/12
  1543 | D:2      | Learned a level 2 spell: Blink
  1547 | D:2      | Learned a level 3 spell: Conjure Flame
  1551 | D:2      | Learned a level 3 spell: Mephitic Cloud
  1615 | D:2      | Reached skill level 6 in Spellcasting
  2049 | D:2      | Reached XP level 4. HP: 24/24 MP: 7/14
  2752 | D:2      | Reached skill level 1 in Air Magic
  3260 | D:3      | Reached XP level 5. HP: 28/28 MP: 13/16
  3773 | D:4      | Found a radiant altar of Vehumet.
  3779 | D:4      | Noticed Natasha
  3854 | D:4      | Found a glowing drain.
  3873 | Sewer    | Entered a sewer
  4064 | Sewer    | Reached skill level 7 in Spellcasting
  4543 | D:4      | Killed a black bear
  5179 | D:4      | Killed Natasha
  5180 | D:4      | Reached skill level 1 in Fire Magic
  5421 | D:5      | Entered Level 5 of the Dungeon
  5437 | D:5      | Found a staircase to the Ecumenical Temple.
  5453 | D:5      | Reached XP level 6. HP: 33/33 MP: 12/18
  5478 | Temple   | Entered the Ecumenical Temple
  5571 | Temple   | Became a worshipper of Gozag Ym Sagoz the Greedy
  5600 | D:5      | Killed from afar by an orc priest

Illustrated notes

Levels and vault maps discovered:
D:1:      minmay_arrival_glassed_features, layout_loops_ring, serial_shops,
          shop, minmay_tetromino_t4
D:2:      layout_loops_corners, hellmonk_ecumenical_altar_dog_temple,
          minmay_snake_closets
D:3:      layout_rooms, corner_web_ring, minmay_misc_feat_tower
D:4:      layout_loops_corners, fiery_altar_vehumet,
          cheibrodos_sewer_entry_bend, uniq_natasha
D:5:      layout_loops_ring, lemuel_round_altar, zin_treasury,
          minmay_temple_entry_stoned_glass, serial_shops,
          nicolae_shop_bloodbath_and_beyond, ebering_ghost_rock_garden,
          nicolae_stop_n_shop_1
Temple:   cyrus_circular_temple

Skill      XL: |  1  2  3  4  5 |
---------------+----------------+-----
Spellcasting   | 5 6 7 |  7.1
Conjurations   | 2 3 |  3.3
Air Magic      | 1 |  1.6
Fire Magic     | 1 |  1.3
Fighting       | |  0.3
Dodging        | |  2.8
Stealth        | |  2.4
Summonings     | |  1.1
Translocations | |  1.1
Poison Magic   | |  0.9

Action                   |  1- 3 |  4- 6 || total
-------------------------+-------+-------++-------
Melee: Dagger            |     9 |       ||     9
 Cast: Magic Dart        |    96 |   147 ||   243
       Conjure Flame     |       |     3 ||     3
       Mephitic Cloud    |       |     1 ||     1
       Blink             |       |     1 ||     1
Evoke: Wand              |       |     2 ||     2
Armor: Robe              |     7 |     6 ||    13
Dodge: Dodged            |    26 |    15 ||    41
